 Dungeon Crawl Stone Soup version 0.30-b1-2-g02819fbbbe (console) character file.

Game seed: 7665136482031248667

298398 m76s the Slayer (level 20, -21/298 (303) HPs)
             Began as a Purple Draconian Berserker on Nov 25, 2023.
             Was the Champion of Trog.
             Demolished by Mennas
             ... wielding a +2 eudemon blade of holy wrath
              (25 damage)
             ... on level 3 of the Vaults on Nov 27, 2023.
             The game lasted 04:48:44 (36445 turns).

m76s the Slayer (Purple Draconian Berserker)       Turns: 36445, Time: 04:48:45

HP:   -21/298 (303) AC: 33    Str: 26    XL:     20   Next: 12%
MP:   20/20         EV:  2    Int: 16    God:    Trog [******]
Gold: 2828          SH: 14    Dex: 33    Spells: 19/19 levels left

rFire   . . .        t - +10 morningstar {elec, Halo rElec}
rCold   . . .        b - +3 kite shield {AC+3}
rNeg    . . .        (body armour unavailable)
rPois   +            (helmet currently unavailable)
rElec   +            p - melded scarf {rC+ rF+}
rCorr   +            V - melded +2 pair of gloves {hurl}
SInv    .            O - melded +1 pair of boots {rampage}
Will    ++...        n - amulet "Suoschaerph" {RegenMP Drain Regen+ Str+6 Dex+3}
Stlth   ++           m - +6 ring of dexterity
HPRegen 1.49/turn    W - ring "Vutted" {rPois Will- rCorr Int+6 Dex+3 Stlth+}
MPRegen 0.57/turn

%: no passive effects
@: mighty, tree-form, glowing, silenced, lightly drained
A: stationary, stasis, torment immunity, boosted hp, (breathe power), AC +10,
unfitting armour, (cold-blooded), (horns 1), agile 1, clever 1
}: 2/15 runes: decaying, serpentine
a: Renounce Religion


You were on level 3 of the Vaults.
You worshipped Trog.
Trog was exalted by your worship.
You were a tree.
You visited 7 branches of the dungeon, and saw 34 of its levels.
You also visited: Bailey, Gauntlet and Volcano.

You collected 3633 gold pieces.
You spent 805 gold pieces at shops.

Inventory:

Hand Weapons
 h - a +2 mace of draining
 t - the +10 morningstar "Eos" (weapon) {elec, Halo rElec}
   (You found it on level 6 of the Dungeon)

   Halo:      It grants its wielder a halo, revealing invisible creatures and
   increasing accuracy against all within it other than the wielder.
   rElec:     It insulates you from electricity.
 u - a +3 great mace of flaming
Missiles
 o - 15 boomerangs (quivered)
 J - 4 silver boomerangs
Armour
 b - a +3 kite shield of protection (worn)
 k - the +0 pair of boots "Ajomuet" {+Inv MP+9}
   (You bought it in a shop on level 2 of the Vaults)

   MP:        It affects your magic capacity (+9).
   +Inv:      It lets you turn invisible.
 p - a scarf of resistance (melded)
 q - the +1 ring mail "Miekugim" {rF+ Str+4}
   (You found it on level 1 of the Snake Pit)

   Str:       It affects your strength (+4).
   rF:        It protects you from fire.
 B - a +2 kite shield of positive energy
 O - a +1 pair of boots of rampaging (melded)
 V - a +2 pair of gloves of hurling (melded)
Jewellery
 c - a +4 ring of protection
 e - a ring of ice
 f - an amulet of reflection
 m - a +6 ring of dexterity (left branch)
 n - the amulet "Suoschaerph" (around neck) {RegenMP Drain Regen+ Str+6 Dex+3}
   (You found it on level 5 of the Lair of Beasts)

   [amulet of magic regeneration]

   It increases your rate of magic regeneration.
   Str:       It affects your strength (+6).
   Dex:       It affects your dexterity (+3).
   Regen:     It increases your rate of health regeneration.
   Drain:     It drains your maximum health when unequipped.
 y - a ring of fire
 C - a ring of protection from fire
 D - an amulet of the acrobat
 F - a ring of protection from cold
 Q - a ring of poison resistance
 W - the ring "Vutted" (right branch) {rPois Will- rCorr Int+6 Dex+3 Stlth+}
   (You acquired it on level 3 of the Swamp)

   [ring of intelligence]

   Int:       It affects your intelligence (+6).
   Dex:       It affects your dexterity (+3).
   rPois:     It protects you from poison.
   rCorr:     It protects you from acid and corrosion.
   Will:      It decreases your willpower.
   Stlth:     It makes you more stealthy.
 Y - the amulet "Tozuqays" {RegenMP rN++ Will-}
   (You found it in a Gauntlet)

   [amulet of magic regeneration]

   It increases your rate of magic regeneration.
   rN:        It greatly protects you from negative energy.
   Will:      It decreases your willpower.
Wands
 a - a wand of acid (14)
 j - a wand of roots (46)
 w - a wand of polymorph (35)
 A - a wand of digging (17)
 N - a wand of flame (27)
 P - a wand of charming (45)
 Z - a wand of mindburst (38)
Scrolls
 g - 4 scrolls of poison
 i - 4 scrolls of teleportation
 r - 5 scrolls of fog
 s - a scroll of fear
 H - 2 scrolls of silence
 I - 5 scrolls of enchant weapon
 U - 2 scrolls of magic mapping
 X - a scroll of butterflies
Potions
 d - a potion of mutation
 l - 17 potions of curing
 v - 2 potions of invisibility
 z - 7 potions of cancellation
 E - 4 potions of resistance
 G - 2 potions of flight
 K - 3 potions of lignification
 T - 2 potions of haste


   Skills:
 + Level 22.7 Fighting
 + Level 21.0 Maces & Flails
 + Level 8.5 Throwing
 + Level 19.5 Dodging


You had 19 spell levels left.
You didn't know any spells.
Your spell library was empty.

Dungeon Overview and Level Annotations

Branches:
Dungeon (15/15)            Temple (1/1) D:6            Lair (5/5) D:8
  Swamp (4/4) Lair:3        Snake (4/4) Lair:3        Slime (0/5) Lair:4
    Orc (2/2) D:9             Elf (0/3) Orc:2        Vaults (3/5) D:13
  Crypt (0/3) Vaults:3     Depths (0/4) D:15         Bailey (visited)
Volcano (visited)         Gauntlet (visited)

Altars:
Ashenzari
Cheibriados
Dithmenos
Elyvilon
Fedhas
Gozag
Hepliaklqana
Kikubaaqudgha
Makhleb
Nemelex Xobeh
Okawaru
Qazlal
Ru
Sif Muna
Trog
Uskayaw
Vehumet
Wu Jian
Xom
Yredelemnul
Zin
The Shining One
Jiyva

Shops:
D:6 (   D:8 [   D:11 [   Orc:2 =*(!   Vaults:1 [   Vaults:2 [

Portals:
Pandemonium: Orc:2

Annotations:
Lair:3 exclusion: 4 oklob plants
Lair:5 exclusion: obsidian statue
Snake:1 Asterion
Orc:2 exclusion: 4 orange crystal statues
Vaults:3 Mennas


Innate Abilities, Weirdness & Mutations

You are a tree.
Your roots penetrate the ground, keeping you stationary.
You cannot be teleported.
You are immune to unholy pain and torment.
Your maximum health is greatly increased.
Your equipment is partially melded.
((You can breathe bolts of dispelling energy.))
((Your rich purple scales are hard. (AC +10)))
You cannot fit into any form of body armour.
((You are cold-blooded and may be slowed by cold attacks.))
((You have a pair of small horns on your head.))
You are agile. (Dex +4, Str/Int -1)
Your mind is acute. (Int +4, Str/Dex -1)


Message History

Your scarf of resistance melds into your body.
Your +2 pair of gloves of hurling melds into your body.
Your +1 pair of boots of rampaging melds into your body.
You feel hot and cold all over.
Your aim is not that steady anymore.
You no longer feel able to rampage towards enemies.
Your roots penetrate the ground.
You block Mennas's attack. Mennas completely misses you.
Mennas hits you with a +2 eudemon blade of holy wrath!
* * * LOW HITPOINT WARNING * * *
You block Mennas's attack.
Mennas hits you with a +2 eudemon blade of holy wrath.
* * * LOW HITPOINT WARNING * * *
You block Mennas's attack.
You closely miss Mennas.
Mennas is lightly wounded.
Mennas looks to the heavens.
You block Mennas's attack. Mennas hits you but does no damage.
You block Mennas's attack. Mennas hits you but does no damage.
Mennas blocks your attack.
Mennas is lightly wounded.
Mennas hits you but does no damage. x2
Mennas hits you with a +2 eudemon blade of holy wrath!!
* * * LOW HITPOINT WARNING * * *
Mennas hits you with a +2 eudemon blade of holy wrath.
* * * LOW HITPOINT WARNING * * *
Mennas blocks your attack.
Mennas is lightly wounded.
You block Mennas's attack.
Mennas hits you with a +2 eudemon blade of holy wrath.
* * * LOW HITPOINT WARNING * * *
Mennas barely misses you. You block Mennas's attack. Mennas blocks your attack.
Mennas is lightly wounded.
Mennas hits you with a +2 eudemon blade of holy wrath!!
* * * LOW HITPOINT WARNING * * *
You block Mennas's attack. x3
Mennas blocks your attack.
Mennas is lightly wounded.
You block Mennas's attack. Mennas hits you but does no damage.
Mennas hits you with a +2 eudemon blade of holy wrath!!
You die...

..#)..#...###.........#
......'....#.....#....#
#.>.#.#.........###...#
......#........## ##..#
..#...#.......## ##.#
......##.......## ###
###'#####.......##
......# ##.......##
......# ##.....♣.#
......# #####A###
......# ..G ......#
..... #...).# #......
+.....# #...... #...).#
#...... #.....# #......
#.....#


You could see Mennas (fast, silencing) and a great orb of eyes (unsilenced).

Vanquished Creatures
  the Lernaean hydra (Swamp:4)
  Saint Roka (Orc:2)
  The ghost of kosdos2 the Warrior, an adept FoFi of Okawaru (Snake:4)
  Rupert (D:14)
  2 quicksilver dragons (Snake:4)
  A thorn hunter (Swamp:2)
  3 sphinxes
  The ghost of phunky83 the Spry, an adept DjIE of Ashenzari (Swamp:2)
  An ancient champion (Vaults:3)
  Donald (Swamp:1)
  A fenstrider witch (Swamp:3)
  A storm dragon (Vaults:3)
  3 nagarajas (Snake:4)
  Aizul (Vaults:2)
  7 vault wardens
  A curse skull (Vaults:3)
  2 ghouls (Swamp:3)
  The ghost of Frank the Fencer, a journeyman DsFi of Hepliaklqana (Swamp:2)
  An orc warlord (Orc:2)
  9 ironbound preservers
  9 very ugly things
  A war gargoyle (Vaults:3)
  2 ironbound thunderhulks
  A bunyip (Swamp:2)
  18 dire elephants
  The ghost of Siddir the Blocker, a journeyman MiBe of Trog (Snake:1)
  A minotaur (Gauntlet)
  13 eleionomae
  A crystal guardian (Vaults:3)
  A fire dragon (Volcano)
  A great orb of eyes (Vaults:3)
  A shambling mangrove (Swamp:3)
  7 yaktaur captains
  Fannar (D:10)
  2 entropy weavers (Vaults:1)
  13 vault guards
  2 peacekeepers
  14 hydras
  2 rakshasas (D:15)
  A catoblepas (D:15)
  A two-headed ogre (D:10)
  A centaur warrior (D:14)
  3 salamander tyrants (Snake:4)
  An anaconda (shapeshifter) (Vaults:2)
  2 demonspawn (Orc:2)
  7 ironbound frosthearts
  8 alligators
  10 anacondas
  3 boulder beetles
  A death knight (D:12)
  A hell hog (Volcano)
  5 death yaks
  9 naga warriors
  8 shock serpents
  2 orc high priests (Orc:2)
  A spriggan berserker (Swamp:4)
  2 tengu warriors
  10 naga sharpshooters
  2 soul eaters (Orc:2)
  2 fire crabs
  4 skeletal warriors (D:13)
  A skyshark (shapeshifter) (Vaults:2)
  5 goliath frogs
  A spectral anaconda (Lair:5)
  The ghost of NimIero the Arsonist, a novice DrFE of Vehumet (D:7)
  8 salamander mystics
  3 skysharks
  2 spectral death yaks (Lair:5)
  19 deep trolls
  A sixfirhy (Orc:2)
  2 death drakes (Swamp:2)
  9 swamp dragons
  4 spriggan druids
  An orange crystal statue (Gauntlet)
  2 wizards
  A glowing orange brain (D:15)
  16 bog bodies
  4 naga ritualists
  14 harpies
  11 ironbound convokers
  14 lindwurms
  A lindwurm (shapeshifter) (Vaults:2)
  A phantasmal warrior (Vaults:3)
  5 orc knights
  5 necromancers
  20 ugly things
  3 deep elf pyromancers
  6 mana vipers
  13 orc sorcerers
  3 manticores
  A shadow dragon skeleton (Vaults:3)
  3 cyclopes
  4 will-o-the-wisps
  35 salamanders
  2 mana vipers (shapeshifter)
  18 naga magi
  9 vault sentinels
  40 black mambas
  25 elephants
  2 torpor snails
  10 cane toads
  4 guardian serpents
  A dire elephant skeleton (Lair:5)
  3 gargoyles
  4 rime drakes
  Psyche (D:9)
  5 komodo dragons
  33 yaktaurs
  2 tengu conjurers (D:14)
  An unseen horror (D:11)
  2 kobold demonologists
  A freezing wraith (D:12)
  2 polar bears
  A queen bee (Lair:3)
  7 trolls
  11 tyrant leeches
  9 hornets
  A wind drake (shapeshifter) (D:14)
  A hellwing (Orc:2)
  3 blink frogs (Lair:5)
  13 slime creatures
  A spectral elephant (Lair:5)
  9 dream sheep
  A vampire (D:10)
  24 yaks
  5 spriggans
  4 water elementals (D:15)
  5 wraiths
  6 basilisks
  7 wyverns
  4 fire bats (Gauntlet)
  2 chaos spawn (Orc:2)
  4 redbacks (Vaults:1)
  3 steam dragons
  8 wargs
  A spectral cane toad (Lair:5)
  2 vampire mosquitoes (D:12)
  31 nagas
  3 acid dragons
  18 swamp worms
  10 water moccasins
  2 hell hounds (Volcano)
  39 orc warriors
  13 swamp drakes
  3 black bears
  9 ogres
  29 wolves (Lair:3)
  7 centaurs
  2 human skeletons (Vaults:3)
  A phantom (D:6)
  10 bullfrogs
  Blork the orc (D:6)
  2 gnoll sergeants (D:9)
  A scorpion (D:4)
  37 killer bees
  A howler monkey (D:7)
  4 electric eels
  2 lava snakes (Snake:3)
  Crazy Yiuf (D:2)
  4 hounds
  2 jellies
  38 orc priests
  13 hell rats
  2 iguanas
  25 orc wizards
  Robin (D:2)
  12 gnolls
  2 river rats (Lair:3)
  11 adders
  A shadow imp (D:8)
  2 white imps
  2 ufetubi (D:4)
  A worm (D:3)
  3 dart slugs
  107 orcs
  3 bats
  2 endoplasms
  3 hobgoblins
  8 jackals
  11 kobolds
  4 quokkas
  3 ball pythons
  2 frilled lizards
  15 goblins
  4 rats
1238 creatures vanquished.

Vanquished Creatures (others)
  2 bloated husks
  A human (D:5)
  2 orc wizards (Orc:1)
  An orc (Orc:2)
  3 demonic plants (Gauntlet)
  22 foxfires
  28 fungi
  22 plants
  24 withered plants (Lair:5)
105 creatures vanquished.

Grand Total: 1343 creatures vanquished

Notes
Turn   | Place    | Note
-------+----------+-------------------------------------------
     0 | D:1      | m76s the Draconian Berserker began the quest for the Orb.
     0 | D:1      | Reached XP level 1. HP: 19/19 MP: 1/1
    60 | D:1      | Gained mutation: You have a beak for a mouth. [potion of
                  | mutation]
    60 | D:1      | Gained mutation: Your mind is acute. (Int +4, Str/Dex -1)
                  | [potion of mutation]
    60 | D:1      | Gained mutation: You have large cloven feet. [potion of
                  | mutation]
   220 | D:1      | Reached XP level 2. HP: 26/26 MP: 2/2
   570 | D:2      | Reached XP level 3. HP: 25/33 MP: 3/3
   661 | D:2      | Noticed Robin
   669 | D:2      | Killed Robin
   670 | D:2      | Reached skill level 4 in Fighting
   680 | D:2      | Reached ** piety under Trog
   692 | D:2      | Reached XP level 4. HP: 17/40 MP: 4/4
   842 | D:2      | Found a runed translucent door.
   843 | D:2      | Noticed Crazy Yiuf
  1067 | D:2      | Identified the +2 ring mail of Lust {rElec rC+ rCorr SInv}
  1597 | D:2      | Killed Crazy Yiuf
  1843 | D:3      | Found a glowing golden altar of the Shining One.
  1849 | D:3      | Found a hide-covered altar of Uskayaw.
  1899 | D:3      | Reached XP level 5. HP: 47/47 MP: 5/5
  2004 | D:3      | Found a faded altar of an unknown god.
  2169 | D:3      | Reached skill level 5 in Fighting
  2372 | D:4      | Reached XP level 6. HP: 56/56 MP: 6/6
  2391 | D:4      | Reached *** piety under Trog
  2404 | D:4      | Lost mutation: Your mind is acute. (Int +4, Str/Dex -1)
                  | [potion of mutation]
  2404 | D:4      | Lost mutation: You have a beak for a mouth. [potion of
                  | mutation]
  2404 | D:4      | Lost mutation: You have large cloven feet. [potion of
                  | mutation]
  2404 | D:4      | Gained mutation: You are agile. (Dex +4, Str/Int -1)
                  | [potion of mutation]
  2404 | D:4      | Gained mutation: You have a pair of small horns on your
                  | head. [potion of mutation]
  2404 | D:4      | Gained mutation: Your mind is acute. (Int +4, Str/Dex -1)
                  | [potion of mutation]
  2583 | D:4      | Reached skill level 5 in Maces & Flails
  2674 | D:4      | Identified the +0 plate armour "Cuomn" {rN++ Regen+ Int+2
                  | Slay-2}
  2744 | D:4      | Your scales start taking on a rich purple colour.
  2744 | D:4      | Reached XP level 7. HP: 62/62 MP: 7/7
  2787 | D:4      | You fall into a shaft and drop 3 floors!
  2793 | D:7      | Noticed a yak
  2950 | D:6      | Reached skill level 5 in Dodging
  2973 | D:6      | Reached skill level 6 in Fighting
  3105 | D:6      | Found the +10 morningstar "Eos" {elec, Halo rElec}
  3278 | D:6      | Found Norin's Weapon Shop.
  3379 | D:6      | Noticed Blork the orc
  3381 | D:6      | Killed Blork the orc
  3496 | D:6      | Reached XP level 8. HP: 64/71 MP: 8/8
  3500 | D:6      | Found a staircase to the Ecumenical Temple.
  3510 | Temple   | Entered the Ecumenical Temple
  4145 | D:5      | Entered Level 5 of the Dungeon
  4178 | D:5      | Reached skill level 7 in Fighting
  4200 | D:5      | Reached **** piety under Trog
  4207 | D:5      | Identified the staff of conjuration "Vinn" {rC+ Str-3
                  | Dex+2}
  4482 | D:5      | Found an ancient bone altar of Kikubaaqudgha.
  4909 | D:7      | Reached skill level 8 in Fighting
  5033 | D:7      | Reached XP level 9. HP: 81/81 MP: 9/9
  5033 | D:7      | Found a runed translucent gate.
  5033 | D:7      | Found a runed translucent gate.
  5034 | D:7      | Found a runed translucent gate.
  5036 | D:7      | Noticed NimIero's ghost (novice DrFE)
  5169 | D:7      | Reached skill level 9 in Fighting
  5193 | D:7      | Identified the +5 leather armour of Quiet Fog {Drain rPois
                  | Str+3 Int+5}
  5339 | D:7      | Killed NimIero's ghost
  5347 | D:7      | Reached ***** piety under Trog
  5491 | D:7      | Reached XP level 10. HP: 93/93 MP: 10/10
  5636 | D:8      | Found Boberaus's Antique Armour Shop.
  5645 | D:8      | Bought a glowing kite shield for 195 gold pieces
  5769 | D:8      | Found an opulent altar of Gozag.
  5817 | D:8      | Noticed a manticore
  5820 | D:8      | Killed a manticore
  5821 | D:8      | Reached skill level 10 in Fighting
  5855 | D:8      | Noticed a fire crab
  5864 | D:8      | Killed a fire crab
  6146 | D:8      | Found a staircase to the Lair.
  6574 | D:9      | Found a flagged portal.
  6581 | Bailey   | Entered a bailey
  6818 | Bailey   | Identified the ring of Ismedaub {rElec SInv}
  6820 | Bailey   | Noticed an orc knight
  6826 | Bailey   | Reached skill level 10 in Maces & Flails
  6836 | Bailey   | Killed an orc knight
  6837 | Bailey   | Reached skill level 11 in Fighting
  6840 | Bailey   | Reached skill level 12 in Fighting
  6840 | Bailey   | Reached skill level 10 in Dodging
  6840 | Bailey   | Reached XP level 11. HP: 42/104 MP: 11/11
  7314 | D:9      | Found a staircase to the Orcish Mines.
  7408 | D:9      | Noticed Psyche
  7411 | D:9      | Killed Psyche
  7602 | D:10     | Entered Level 10 of the Dungeon
  7635 | D:10     | Noticed a two-headed ogre
  7640 | D:10     | Killed a two-headed ogre
  7651 | D:10     | Reached XP level 12. HP: 84/113 MP: 12/12
  8001 | D:10     | Noticed Fannar
  8009 | D:10     | Killed Fannar
  9106 | D:11     | Found a snail-covered altar of Cheibriados.
  9109 | D:11     | Found Cheibriados's Comfort Zone.
  9177 | D:11     | Noticed a boulder beetle
  9185 | D:11     | Killed a boulder beetle
  9186 | D:11     | Reached skill level 13 in Fighting
  9480 | D:11     | Found a shimmering blue altar of Sif Muna.
  9567 | Lair:1   | Entered Level 1 of the Lair of Beasts
 10139 | Lair:1   | Noticed a death yak
 10139 | Lair:1   | Noticed a death yak
 10139 | Lair:1   | Noticed a death yak
 10144 | Lair:1   | Noticed a death yak
 10153 | Lair:1   | Killed a death yak
 10158 | Lair:1   | Killed a death yak
 10164 | Lair:1   | Killed a death yak
 10169 | Lair:1   | HP: 4/172 [death yak (16)]
 10172 | Lair:1   | Killed a death yak
 10817 | Lair:2   | Received a gift from Trog
 11071 | Lair:2   | Found a dark tunnel.
 11076 | Volcano  | Entered a volcano
 11094 | Volcano  | Noticed a fire dragon
 11102 | Volcano  | Killed a fire dragon
 11103 | Volcano  | Reached skill level 14 in Fighting
 11146 | Volcano  | Noticed a hell hog
 11153 | Volcano  | Killed a hell hog
 11670 | Lair:3   | Reached XP level 13. HP: 124/124 MP: 13/13
 11911 | Lair:3   | Found a staircase to the Snake Pit.
 12010 | Lair:3   | Reached ****** piety under Trog
 12357 | Lair:3   | Received a gift from Trog
 12526 | Lair:3   | Reached skill level 15 in Fighting
 12938 | Lair:3   | Found a staircase to the Swamp.
 13719 | Lair:4   | Found a viscous altar of Jiyva.
 13719 | Lair:4   | Found a staircase to the Slime Pits.
 14410 | Lair:5   | Entered Level 5 of the Lair of Beasts
 14608 | Lair:5   | Reached XP level 14. HP: 133/136 MP: 14/14
 14670 | Lair:5   | Received a gift from Trog
 14958 | Lair:5   | Reached skill level 16 in Fighting
 15537 | Lair:5   | Reached skill level 15 in Maces & Flails
 15554 | Lair:5   | HP: 5/138 [dire elephant simulacrum[a necromancer] (43)]
 16078 | Lair:5   | Identified the amulet "Suoschaerph" {RegenMP Drain Regen+
                  | Str+6 Dex+3}
 16458 | Orc:1    | Entered Level 1 of the Orcish Mines
 16629 | Orc:2    | Entered Level 2 of the Orcish Mines
 16629 | Orc:2    | Found a runed translucent door.
 16656 | Orc:2    | Noticed an orc warlord
 17054 | Orc:2    | Received a gift from Trog
 17191 | Orc:2    | Killed an orc warlord
 17233 | Orc:2    | Reached skill level 17 in Fighting
 17266 | Orc:2    | Noticed Saint Roka
 17283 | Orc:2    | Killed Saint Roka
 17301 | Orc:2    | Reached XP level 15. HP: 113/147 MP: 15/15
 17302 | Orc:2    | Found Sovus's General Store.
 17307 | Orc:2    | Found Jookk's Distillery.
 17535 | Orc:2    | Received a gift from Trog
 17571 | Orc:2    | Bought a potion of heal wounds for 65 gold pieces
 17571 | Orc:2    | Bought 2 potions of haste for 260 gold pieces
 17670 | Orc:2    | Found Gottau's Jewellery Shoppe.
 17670 | Orc:2    | Found Werikh's Antique Weapon Emporium.
 17670 | Orc:2    | Found a one-way gate leading to the halls of Pandemonium.
 17938 | Orc:2    | Found the +10 tower shield of Ignorance {rN+ Int-4}
 17952 | Orc:2    | Found a runed translucent door.
 18072 | Orc:2    | Found a staircase to the Elven Halls.
 18819 | D:12     | Found a gate leading to a gauntlet.
 18842 | Gauntlet | Entered a Gauntlet
 18842 | Gauntlet | Found a transporter.
 18842 | Gauntlet | Found a transporter.
 18848 | Gauntlet | Found a transporter.
 18865 | Gauntlet | Found a transporter.
 18877 | Gauntlet | Found a transporter.
 18877 | Gauntlet | Found a transporter.
 18877 | Gauntlet | Found a transporter.
 18880 | Gauntlet | Found a transporter.
 18880 | Gauntlet | Found a transporter.
 18894 | Gauntlet | Found a transporter.
 18909 | Gauntlet | Found a transporter.
 18919 | Gauntlet | Found a transporter.
 18934 | Gauntlet | Found a transporter.
 18953 | Gauntlet | Found a transporter.
 19067 | Gauntlet | Identified the +0 helmet "Detasipi" {Dex+3}
 19082 | Gauntlet | Reached skill level 15 in Dodging
 19144 | Gauntlet | Identified the amulet "Tozuqays" {RegenMP rN++ Will-}
 19433 | D:12     | Received a gift from Trog
 19683 | D:12     | Identified the +6 chain mail of the Maze {Str+5}
 20994 | D:13     | Found a gate to the Vaults.
 21015 | D:13     | Reached skill level 18 in Fighting
 22118 | D:14     | Noticed Rupert
 22129 | D:14     | Killed Rupert
 22282 | D:15     | Entered Level 15 of the Dungeon
 22482 | D:15     | Found a bloodstained altar of Trog.
 22616 | D:15     | Reached XP level 16. HP: 159/159 MP: 16/16
 22792 | D:15     | Received a gift from Trog
 22991 | D:15     | Found a staircase to the Depths.
 23210 | Swamp:1  | Entered Level 1 of the Swamp
 23441 | Swamp:1  | Noticed Donald
 23456 | Swamp:1  | Killed Donald
 23650 | Swamp:1  | Identified the +0 robe of Liberty {SInv}
 23715 | Swamp:1  | Identified the +0 scale mail "Agrubat" {Rampage rF- Regen+}
 24073 | Swamp:4  | Entered Level 4 of the Swamp
 24115 | Swamp:3  | Reached skill level 19 in Fighting
 24522 | Swamp:3  | Received a gift from Trog
 24678 | Swamp:4  | Noticed the 27-headed Lernaean hydra
 24687 | Swamp:4  | Killed the 27-headed Lernaean hydra
 24788 | Swamp:4  | Got a decaying rune of Zot
 24792 | Swamp:4  | Identified the +1 leather armour of Setue {*Corrode rElec
                  | rPois Will+}
 24851 | Swamp:4  | Found the +6 lightning scales {swift, rElec}
 25375 | Swamp:3  | Identified a scroll of acquirement
 25405 | Swamp:3  | Reached XP level 17. HP: 156/169 MP: 17/17
 25419 | Swamp:3  | Acquired the ring "Vutted" {rPois Will- rCorr Int+6 Dex+3
                  | Stlth+}
 25764 | Swamp:2  | Received a gift from Trog
 25798 | Swamp:2  | Reached skill level 20 in Fighting
 26052 | Swamp:2  | You fall into a shaft and drop 1 floor!
 26793 | Swamp:2  | Found a runed translucent gate.
 26794 | Swamp:2  | Found a runed translucent gate.
 26795 | Swamp:2  | Found a runed translucent gate.
 26796 | Swamp:2  | Noticed phunky83's ghost (adept DjIE)
 26797 | Swamp:2  | Noticed Frank's ghost (journeyman DsFi)
 26818 | Swamp:2  | Killed phunky83's ghost
 26834 | Swamp:2  | Killed Frank's ghost
 27242 | Snake:1  | Entered Level 1 of the Snake Pit
 27383 | Snake:1  | Found an ancient bone altar of Kikubaaqudgha.
 27399 | Snake:1  | Identified the +1 ring mail "Miekugim" {rF+ Str+4}
 27425 | Snake:1  | Found a runed translucent door.
 27440 | Snake:1  | Noticed Siddir's ghost (journeyman MiBe)
 27456 | Snake:1  | Killed Siddir's ghost
 27658 | Snake:1  | Received a gift from Trog
 27739 | Snake:1  | Noticed Asterion
 28949 | Snake:3  | Received a gift from Trog
 29188 | Snake:3  | Reached XP level 18. HP: 144/180 MP: 18/18
 29216 | Snake:3  | Reached skill level 1 in Throwing
 29341 | Snake:3  | Reached skill level 21 in Fighting
 29721 | Snake:4  | Entered Level 4 of the Snake Pit
 29755 | Snake:4  | Received a gift from Trog
 30009 | Snake:4  | Identified the +2 scale mail "Yvyos Tirr" {Will+ Dex+3}
 30239 | Snake:4  | Got a serpentine rune of Zot
 30437 | Snake:4  | Received a gift from Trog
 30850 | Snake:4  | Found a large runed translucent door.
 30850 | Snake:4  | Found a large runed translucent door.
 30853 | Snake:4  | Noticed kosdos2's ghost (adept FoFi)
 30896 | Snake:4  | Killed kosdos2's ghost
 31547 | Vaults:1 | Entered Level 1 of the Vaults
 31750 | Vaults:1 | Reached skill level 5 in Throwing
 32388 | Vaults:1 | Reached XP level 19. HP: 171/191 MP: 19/19
 32486 | Vaults:1 | Received a gift from Trog
 32670 | Vaults:1 | Found Pickuitu's Armour Emporium.
 33035 | Vaults:1 | Reached skill level 22 in Fighting
 33646 | Vaults:2 | Received a gift from Trog
 33928 | Vaults:2 | Noticed Aizul
 33939 | Vaults:2 | Killed Aizul
 34582 | Vaults:2 | Found Uzeommui's Antique Armour Shop.
 34590 | Vaults:2 | Bought a pair of smoking boots for 285 gold pieces
 34590 | Vaults:2 | Identified the +0 pair of boots "Ajomuet" {+Inv MP+9} (You
                  | bought it in a shop on level 2 of the Vaults)
 35079 | Vaults:3 | Paralysed by a sphinx for 2 turns
 35396 | Vaults:3 | Received a gift from Trog
 35451 | Vaults:3 | Reached XP level 20. HP: 202/202 MP: 20/20
 35925 | Vaults:3 | Found a staircase to the Crypt.
 36423 | Vaults:3 | Noticed Mennas
 36444 | Vaults:3 | HP: 2/298 [Mennas/+2 eudemon blade of holy wrath (20)]
 36445 | Vaults:3 | Demolished by Mennas

Illustrated notes

Levels and vault maps discovered:
D:1:      nzn_arrival_settlement, layout_rooms
D:2:      layout_basic, uniq_robin, uniq_crazy_yiuf_cottage
D:3:      layout_basic, grunt_temple_overflow_open,
          dreamdust_ecumenical_altar_hidden_monk_grotto, chequers_garden,
          chequers_serial_rivers_micro_a
D:4:      layout_rooms, minmay_strange_pillars
D:5:      layout_basic, tgw_kikubaaqudgha
D:6:      layout_basic, minmay_temple_entry_tees, serial_shops, shop,
          chequers_hall_statues_y, uniq_blork_the_orc
D:7:      layout_cave_pools, biasface_ghost_orc_armoury, minmay_statues_item
D:8:      layout_basic, mainiacjoe_overflow_24_doors, minmay_lair_entry_lava,
          serial_shops, nicolae_lakefront_shop
D:9:      layout_roguey, orc_0_dummy, enter_bailey_2, uniq_psyche
D:10:     layout_stronghold, chequers_serial_rivers_large_b, minivault_5,
          uniq_fannar
D:11:     layout_loops_ring, minmay_shop_chei, nicolae_sif_muna_little_library
D:12:     layout_layer_cave, gauntlet_entry_generic
D:13:     layout_loops_cross, erik_vaults_2
D:14:     layout_roguey, serial_glass, glass_columns_a, glass_columns_c,
          grunt_ministairs_15, uniq_rupert
D:15:     gammafunk_enter_depths_forms, layout_basic, trog_three_pillars_becter,
          serial_curves, eino_curves_02, eino_curves_02, minmay_misc_feat_square
Temple:   hc_temple_tempest_star
Lair:1:   layout_misc_corridors, grunt_megastairs_3, infiniplex_staircase_pool
Lair:2:   layout_cave_pods, nicolae_volcano_entry_s_turn
Lair:3:   hangedman_what_comes_after_a, layout_regular_city,
          nicolae_swamp_entry_splash_gauntlet, guppyfry_snake_entry_island,
          grunt_forest_large_clearings
Lair:4:   layout_cave_pods, dpeg_slime_entry_enclosed,
          chequers_serial_rivers_micro_e, serial_bayou_shore_b
Lair:5:   due_jungle_book, layout_regular_city, lemuel_fruit_fields
Swamp:1:  layout_falls_marsh, serial_swamp_ruin, evilmike_swamp_ruin_house_5,
          evilmike_swamp_ruin_house_3, evilmike_swamp_ruin_house_6,
          infiniplex_staircase_pool_2, uniq_donald
Swamp:2:  layout_basic_swamp, gammafunk_ghost_cemetery,
          evilmike_swamp_ruin_house_2, swamp_pool1, nicolae_swamp_drake_lake
Swamp:3:  nicolae_swamp_wrong_neighborhood, layout_basic_swamp,
          hangedman_swamp_ruin_wall
Swamp:4:  grunt_swamp_rune_castle, layout_basic_swamp
Snake:1:  layout_grid_maze, basic_altar, ebering_ghost_reflecting_pool,
          uniq_asterion
Snake:2:  layout_layer_cave, drop_trap, grunt_megastairs_5
Snake:3:  layout_basic, grunt_megastairs_2
Snake:4:  hellmonk_snake_rune_quicksilver_temple, layout_cave_town,
          ebering_ghost_disaster_area, nicolae_snake_salamander_jacuzzi
Orc:1:    layout_caves
Orc:2:    pf_orc_diabolical, layout_caves, basic_altar,
          chequers_guarded_unrand_ignorance, uniq_saint_roka
Vaults:1: v_rooms_6, grunt_vaults_trifunnel, nicolae_vaults_tangram_2,
          ontoclasm_vaults_pinch, nicolae_vaults_big_angled_halls,
          nicolae_vaults_what_the_h, ontoclasm_vaults_chip,
          nicolae_vaults_closet_pinwheel_1, nicolae_vaults_tangram_1,
          nicolae_vaults_trapezoid_1, nicolae_vaults_asterisk,
          layout_vaults_omnicross, serial_shops, nicolae_shop_statue_plus
Vaults:2: v_alt_pattern_2, nicolae_vaults_circle_grid_b,
          nicolae_vaults_trapezoid_1, nicolae_vaults_loss_of_containment,
          nicolae_vaults_mini_display_case, layout_vaults_quadrants,
          serial_shops, shop, uniq_frederick, uniq_aizul
Vaults:3: minmay_crypt_entry_simple_walls, v_misc_3, nicolae_vaults_little_ls,
          nicolae_vaults_turnstiles, nicolae_vaults_diamond_2,
          nicolae_vaults_crenellated_ambush, nicolae_vaults_spaceships,
          ontoclasm_vaults_spin, vaults_room_stairs_pillars,
          nicolae_vaults_house_2, nicolae_vaults_big_angled_halls,
          nicolae_vaults_specimen_jars, hangedman_vaults_locks,
          nicolae_vaults_yaktaur_gun_rack, ontoclasm_vaults_decontamination,
          layout_vaults_ring, uniq_mennas, uniq_xtahua

Skill      XL: |  1  2  3  4  5  6  7  8  9 10 11 12 13 14 15 16 17 18 19 20 |
---------------+-------------------------------------------------------------+-----
Dodging        | 3 4 5 6 8 10 12 13 14 15 16 17 18 19 | 19.5
Fighting       | 4 5 6 8 9 12 14 15 17 18 19 20 21 22 | 22.7
Maces & Flails | 4 5 6 7 8 11 13 14 15 17 18 19 20 21 | 21.0
Throwing       | 5 8 |  8.5

Action                     |  1- 3 |  4- 6 |  7- 9 | 10-12 | 13-15 | 16-18 | 19-21 || total
---------------------------+-------+-------+-------+-------+-------+-------+-------++-------
  Melee: Mace              |    88 |   136 |    45 |       |       |       |       ||   269
         Kick              |    10 |    27 |       |       |       |       |       ||    37
         Tailslap          |     9 |    11 |    22 |    60 |   225 |   332 |   164 ||   823
         Peck              |     9 |    15 |       |       |       |       |       ||    24
         Punch             |     1 |     2 |     3 |       |       |       |       ||     6
         Headbutt          |       |     8 |    25 |    78 |   333 |   427 |   243 ||  1114
         Morningstar       |       |       |   133 |   315 |  1143 |  1328 |   588 ||  3507
  Throw: Boomerang         |       |       |     5 |     4 |   114 |   117 |    66 ||   306
 Invoke: Berserk           |       |       |     1 |       |     2 |     5 |     3 ||    11
Ability: Breathe Dispellin |       |       |       |       |       |       |     2 ||     2
    Use: Scroll            |     3 |     6 |     6 |     6 |    10 |    10 |     2 ||    43
         Potion            |     3 |     5 |     5 |     5 |    10 |     6 |     3 ||    37
   Stab: Sleeping          |       |     1 |       |       |       |     2 |       ||     3
         Invisible         |       |     2 |       |       |       |       |       ||     2
         Distracted        |       |       |     1 |     1 |       |     1 |       ||     3
 Armour: Skin              |    23 |    40 |    37 |    64 |   181 |   217 |    72 ||   634
  Dodge: Dodged            |    58 |    88 |   121 |   192 |   732 |  1201 |   491 ||  2883
  Block: Other             |       |    33 |    55 |       |       |       |       ||    88
         Kite shield       |       |       |       |   238 |   749 |   796 |   360 ||  2143
         Reflection        |       |       |       |    22 |     2 |       |       ||    24
